Map: Catalyst LE

Players

Serral - Winner!

  • Race: Zerg Zerg
  • Spawn Location: 5:00

Scarlett

  • Race: Zerg Zerg
  • Spawn Location: 11:00

Event: WCS Valencia 2018

VOD

Have the link to the VOD?

Description

Time

  • Played on: July 13, 2018, 5:04 a.m.
  • Length: 10:48

All games in this series

Show
View Real Time Build Order
Export as new Build Order

Serral Zerg - Winner!

Build Orders: Hatch First 

Get SALT Encoding   

  12  0:00  Drone  
  13  0:12  Overlord  
  13  0:17  Drone  
  14  0:30  Drone x2  
  16  0:49  Hatchery  
  15  0:52  Drone  
  15  0:55  Drone  
  17  0:58  Drone  
  18  1:09  Extractor  
  17  1:14  Spawning Pool  
  17  1:17  Drone  
  17  1:20  Drone  
  18  1:29  Drone  
  19  1:43  Overlord  
  19  1:51  Drone  
  20  2:00  Queen  
  20  2:01  Queen  
  24  2:03  Zergling x2  
  24  2:07  Drone  
  26  2:08  Metabolic Boost  
  26  2:10  Drone  
  26  2:13  Drone  
  28  2:21  Drone  
  28  2:22  Drone  
  30  2:32  Zergling x2  
  31  2:38  Hatchery  
  30  2:46  Baneling Nest  
  30  2:48  Drone x2  
  31  2:53  Overlord  
  31  2:55  Drone  
  32  3:01  Drone  
  33  3:06  Zergling x2  
  33  3:08  Drone  
  33  3:09  Drone  
  36  3:15  Overlord  
  36  3:16  Drone x3  
  36  3:19  Zergling x2  
  40  3:21  Zergling x2  
  40  3:24  Drone  
  42  3:30  Zergling x2, Baneling x2  
  42  3:33  Queen  
  45  3:35  Zergling x2  
  45  3:37  Baneling  
  45  3:39  Zergling x2  
  47  3:44  Zergling x6  
  49  3:49  Baneling  
  49  3:53  Overlord  
  49  3:55  Drone x3  
  50  4:07  Drone x4  
  50  4:08  Extractor, Roach Warren  
  51  4:13  Overlord  
  51  4:14  Drone x2  
  51  4:16  Zergling x2  
  54  4:17  Extractor  
  54  4:18  Zergling x2  
  54  4:19  Zergling x2  
  55  4:28  Overlord  
  55  4:32  Overlord  
  54  4:48  Overlord  
  54  4:49  Roach x8  
  70  4:53  Roach x2  
  74  5:02  Roach x3  
  80  5:11  Evolution Chamber  
  79  5:15  Roach x3  
  79  5:19  Overlord  
  85  5:22  Zergling x2  
  85  5:23  Zergling x12  
  92  5:30  Baneling  
  92  5:31  Baneling x2  
  92  5:33  Zergling x10  
  97  5:36  Overlord  
  97  5:38  Baneling x2  
  87  5:55  Zergling x22  
  87  6:03  Zergling x2, Roach x2  
  88  6:12  Evolution Chamber, Drone  
  88  6:14  Baneling x2  
  88  6:16  Drone x2  
  90  6:21  Drone  
  91  6:27  Baneling x5  
  91  6:29  Drone x4  
  91  6:31  Roach x2  
  99  6:37  Extractor  
  99  6:38  Zergling x2  
  99  6:39  Zergling x10  
  104  6:47  Zergling x6  
  100  7:00  Zergling x2  
  90  7:02  Zerg Missile Weapons Level 1, Drone  
  90  7:03  Drone  
  90  7:07  Roach  
  90  7:08  Zergling x10, Roach x2  
  89  7:13  Roach x2  
  89  7:14  Roach  
  91  7:18  Overlord  
  90  7:25  Roach x3  
  96  7:30  Extractor  
  96  7:34  Roach x3  
  96  7:35  Zergling x2  
  102  7:47  Drone x2  
  102  7:50  Drone x2  
  105  7:55  Drone x3  
  108  7:59  Lair  
  108  8:03  Overlord  
  108  8:05  Drone x2  
  105  8:07  Drone  
  103  8:19  Roach  
  108  8:20  Roach x8  
  108  8:26  Extractor, Drone x3  
  121  8:31  Extractor, Roach x4  
  127  8:36  Overlord  
  127  8:38  Overlord  
  127  8:42  Drone x2  
  127  8:43  Overlord x2  
  129  8:51  Baneling x2  
  129  8:52  Overlord  
  129  8:54  Overlord  
  129  8:55  Roach x3  
  135  8:57  Glial Reconstitution  
  135  8:59  Roach  
  132  9:12  Roach x9  
  132  9:16  Overlord  
  150  9:23  Roach  
  150  9:33  Roach x4  
  150  9:37  Roach  
  150  9:38  Roach x2  
  164  9:42  Overlord  
  164  9:44  Roach x2  
  168  9:48  Hatchery  
  168  9:51  Roach x4  
  175  9:56  Overlord x2  
  175  10:00  Roach  
  175  10:01  Roach  
  179  10:13  Ravager x4  
  183  10:14  Overlord  
  183  10:17  Roach x6  
Show
View Real Time Build Order
Export as new Build Order

Scarlett Zerg 

Build Orders: Hatch First 

Get SALT Encoding   

  12  0:00  Drone  
  13  0:12  Overlord  
  13  0:17  Drone  
  14  0:31  Drone x2  
  16  0:48  Hatchery  
  15  0:52  Drone  
  15  0:55  Drone  
  17  0:58  Drone  
  17  1:01  Extractor  
  17  1:15  Spawning Pool  
  17  1:18  Drone  
  17  1:22  Drone  
  18  1:27  Drone  
  19  1:38  Drone  
  20  1:49  Drone  
  21  2:01  Queen x2  
  21  2:03  Zergling x2  
  21  2:04  Metabolic Boost  
  26  2:11  Overlord  
  26  2:15  Drone  
  27  2:23  Drone  
  29  2:30  Drone  
  29  2:32  Drone  
  30  2:39  Queen  
  30  2:44  Hatchery  
  31  2:47  Overlord  
  31  2:50  Zergling x2  
  32  2:53  Zergling x2  
  32  2:57  Zergling x4  
  35  3:10  Zergling x10  
  40  3:19  Drone  
  41  3:20  Drone  
  42  3:27  Drone  
  42  3:32  Drone  
  44  3:36  Roach Warren  
  43  3:46  Drone  
  41  4:05  Drone x2  
  41  4:06  Drone  
  41  4:08  Zergling x4  
  43  4:16  Roach  
  43  4:17  Roach x2  
  49  4:18  Overlord  
  49  4:19  Overlord  
  49  4:20  Extractor  
  46  4:26  Roach  
  46  4:29  Overlord  
  46  4:30  Baneling Nest  
  47  4:32  Roach  
  47  4:38  Roach x5  
  59  4:47  Roach  
  59  4:48  Overlord  
  61  4:53  Roach  
  61  4:54  Zergling x12  
  61  4:59  Overlord  
  69  5:01  Zergling x2  
  69  5:04  Zergling x4  
  69  5:06  Zergling x2  
  73  5:10  Zergling x2  
  73  5:11  Zergling x2  
  75  5:15  Zergling x4  
  77  5:22  Baneling x4  
  77  5:24  Baneling x2  
  77  5:26  Zergling x4  
  78  5:29  Baneling  
  78  5:30  Zergling x2  
  78  5:31  Zergling x2  
  80  5:36  Baneling  
  80  5:38  Zergling x6  
  69  5:57  Zergling x16  
  53  6:07  Roach  
  53  6:08  Roach x3  
  57  6:12  Roach  
  57  6:15  Roach  
  61  6:18  Roach  
  61  6:23  Baneling x2  
  63  6:28  Baneling  
  63  6:31  Zergling x8  
  67  6:37  Baneling  
  67  6:38  Roach  
  69  6:46  Zergling x10  
  73  6:49  Baneling x2  
  65  7:00  Zergling x8, Roach  
  65  7:01  Zergling x2  
  58  7:11  Drone x4  
  62  7:22  Baneling x2  
  62  7:24  Drone x5  
  67  7:32  Drone x4  
  71  7:38  Queen  
  71  7:39  Drone  
  71  7:41  Drone  
  75  7:53  Drone x7  
  82  8:03  Drone x6  
  83  8:11  Lair  
  82  8:14  Queen  
  82  8:15  Extractor  
  82  8:19  Roach x3  
  86  8:26  Drone x4  
  86  8:34  Queen  
  86  8:35  Overlord x2  
  86  8:40  Overlord  
  88  8:47  Roach  
  90  8:53  Extractor  
  90  8:54  Overlord  
  90  8:55  Drone x8  
  96  9:00  Extractor  
  96  9:01  Drone x4  
  99  9:09  Roach x2  
  102  9:15  Glial Reconstitution  
  102  9:16  Roach x2, Evolution Chamber  
  105  9:24  Roach x3  
  103  9:36  Roach x5  
  113  9:38  Ravager x2  
  113  9:39  Ravager x2  
  113  9:42  Baneling x4  
  113  9:43  Roach  
  113  9:44  Roach  
  113  9:45  Zergling x2  
  122  9:47  Overlord  
  122  9:48  Overlord  
  122  10:06  Roach  
  137  10:07  Roach x7  
  137  10:16  Overlord x3  
Tags
 
Add a new tag
Caveats
  • Supply blocks, unpowered buildings, or Contaminate may cause inaccurate times.
  • Supply counts are checked every 10 seconds.